 Dungeon Crawl Stone Soup version 0.23.2-1-ga50397a6bc (webtiles) character file.

Game seed: 5774261744895115001

5293 Andrea the Martial Artist (level 10, 0/81 HPs)
             Began as an Octopode Transmuter on May 10, 2019.
             Was a Believer of Cheibriados.
             Slain by a wight
             ... wielding a +3 trident
              (2 damage)
             ... on level 8 of the Dungeon.
             The game lasted 00:25:21 (11630 turns).

Andrea the Martial Artist (Octopode Transmuter)    Turns: 11630, Time: 00:25:22

Health: 0/81       AC:  7    Str: 16    XL:     10   Next: 63%
Magic:  15/18      EV: 10    Int: 21    God:    Cheibriados [**....]
Gold:   474        SH:  4    Dex: 16    Spells: 10/20 levels left

rFire    x . .     SeeInvis .     - Unarmed
rCold    + + +     Gourm    .   (shield currently unavailable)
rNeg     . . .     Faith    .   (helmet currently unavailable)
rPois    +         Spirit   .   t - +4 amulet of reflection
rElec    .         Reflect  +   b - +1 ring of evasion
rCorr    .         Harm     .   (no ring)
MR       .....                  j - ring of stealth
Stlth    ++........             (no ring)
HPRegen  0.23/turn              (no ring)
MPRegen  0.16/turn              (no ring)
                                (no ring)
                                (no ring)

@: ice-form, marked, heavily drained, very slow
A: large, almost no armour, stealthy swim, amphibious, 8 rings, (constrict 8)
a: End Transformation, Bend Time, Renounce Religion


You were on level 8 of the Dungeon.
You worshipped Cheibriados.
Cheibriados was pleased with you.
You were hungry.
You were a creature of crystalline ice.
You visited 2 branches of the dungeon, and saw 9 of its levels.

You collected 540 gold pieces.
You spent 66 gold pieces at shops.

Inventory:

Missiles
 a - 153 arrows
Armour
 r - a +0 hat of see invisible (melded)
Magical Staves
 d - an uncursed staff of fire
Jewellery
 b - a +1 ring of evasion (left front paw)
 i - an uncursed ring of fire
 j - a ring of stealth (on tentacle)
 t - a +4 amulet of reflection (around neck)
 v - an uncursed amulet of regeneration {unknown}
 C - a cursed amulet of inaccuracy {unknown}
Wands
 k - a wand of flame (25)
 p - a wand of polymorph (8)
 q - a wand of digging (8)
Scrolls
 f - a scroll of blinking
 g - 11 scrolls of remove curse
 l - 2 scrolls of identify
 n - 3 scrolls of teleportation
 o - 2 scrolls of enchant armour {unknown}
 s - 2 scrolls of immolation {unknown}
 u - 2 scrolls of fear
 w - a scroll of magic mapping {unknown}
 A - a scroll of noise {unknown}
Potions
 e - a potion of mutation {unknown}
 h - 2 potions of curing
 m - a potion of agility
 x - a potion of degeneration {unknown}
 z - 3 potions of might {unknown}
 D - a potion of heal wounds {unknown}
Comestibles
 c - 8 rations
 B - a chunk of flesh


   Skills:
 + Level 6.0(4.8) Fighting
 - Level 2.0(0.8) Dodging
 * Level 9.2(7.8) Unarmed Combat
 + Level 5.9(4.7) Spellcasting
 * Level 9.0(7.6) Transmutations
 - Level 3.0(1.8) Ice Magic
 - Level 2.0(0.9) Poison Magic


You had 10 spell levels left.
You knew the following spells:

 Your Spells              Type           Power        Failure   Level  Hunger
a - Beastly Appendage     Tmut           #####.       1%          1    None
b - Sticks to Snakes      Tmut           #####...     1%          2    #......
c - Spider Form           Tmut/Pois      ###.......   6%          3    ##.....
d - Ice Form              Ice/Tmut       ###.....     16%         4    ####...

Your spell library contained the following spells:

 Spells                   Type           Power        Failure   Level  Hunger
 Summon Small Mammal      Summ           #...         11%         1    None
 Blade Hands              Tmut           #####.....   13%         5    ######.
 Call Imp                 Summ           #.......     17%         2    #......
 Call Canine Familiar     Summ           #.......     32%         3    ##.....
 Summon Guardian Golem    Hex/Summ       #.......     32%         3    ##.....
 Summon Ice Beast         Ice/Summ       #.......     58%         4    ####...
 Summon Lightning Spire   Summ/Air       #.......     73%         4    ####...


Dungeon Overview and Level Annotations

Branches:
Dungeon (8/15)             Temple (1/1) D:7
   Lair: D:8-11

Altars:
Ashenzari
Cheibriados
Dithmenos
Elyvilon
Fedhas
Gozag
Hepliaklqana
Kikubaaqudgha
Makhleb
Nemelex Xobeh
Okawaru
Qazlal
Ru
Sif Muna
Trog
Uskayaw
Vehumet
Wu Jian
Xom
Yredelemnul
Zin
The Shining One

Shops:
D:4 [(*[*

Annotations:
D:3 2 transporters, Pereza0's ghost, weakling OgWz
D:5 exclusions: door and ice beast
D:7 Joseph
D:8 Gastronok


Innate Abilities, Weirdness & Mutations

You cannot wear most types of armour.
You are very stealthy in the water. (Stealth+)
You are amphibious.
You can wear up to eight rings at the same time.
((You can use your tentacles to constrict eight enemies at once.))
((Your skin changes colour to match your surroundings (Stealth+).))
((Your rubbery body absorbs attacks. (AC +1, EV +1)))


Message History

You feel less perceptive.
The wight hits you with a cursed +2 war axe!
* * * LOW HITPOINT WARNING * * *
You feel drained.
* * * LOW HITPOINT WARNING * * *
The wight hits you from afar with a +3 trident.
* * * LOW HITPOINT WARNING * * *
You feel drained.
You hit the wight.
The wight is lightly damaged.
The wight misses you. The bullfrog closely misses you.
The wight hits you from afar with a +3 trident.
* * * LOW HITPOINT WARNING * * *
You feel drained.
* * * LOW HITPOINT WARNING * * *
The bullfrog hits you but does no damage.
The bullfrog hits you.
* * * LOW HITPOINT WARNING * * *
The wight hits you from afar with a +3 trident.
You die...

#............# #........Y...#
######### # #)[......K...#
#.......# # #.........)Y.#
#.......# # #............#
#.......### #............#
#.......)). #............#
#........##
#..........zz########.........#
#..........>zFY.....#.........#
###################.#.........#
#)#.######..# #.#.# #...
#.#.######.## #.#..........
#.########.## #............
#.########...


You could see a bullfrog and 3 wights.

Vanquished Creatures
  Harold (D:8)
  Sigmund (D:6)
  A hungry ghost (D:8)
  Eustachio (D:5)
  A steam dragon (D:8)
  Grum (D:8)
  A water moccasin (D:6)
  A phantom (D:7)
  Duvessa (D:7)
  3 ice beasts
  2 orc warriors
  A sky beast (D:7)
  2 ogres
  2 wolves (D:8)
  5 centaurs
  4 bullfrogs
  3 big kobolds
  2 scorpions
  Dowan (D:7)
  7 wights
  4 howler monkeys
  4 crimson imps
  2 bullfrog zombies
  A quasit (D:7)
  Crazy Yiuf (D:5)
  3 hounds
  A jelly (D:8)
  2 bullfrog skeletons
  7 orc priests
  2 centaur skeletons
  Terence (D:2)
  2 iguanas
  Ijyb (D:4)
  5 orc wizards
  3 worker ants
  A worker ant zombie (D:8)
  8 adders
  7 gnolls
  A howler monkey skeleton (D:6)
  A shadow imp (D:6)
  An adder skeleton (D:5)
  4 worms
  2 dart slugs
  7 leopard geckos
  19 orcs
  6 giant cockroaches
  7 goblins
  13 hobgoblins
  2 jackals (D:4)
  9 kobolds
  A quokka (D:3)
  A ball python (D:3)
  5 bats (D:1)
  5 frilled lizards
  A leopard gecko skeleton (D:7)
  2 quokka skeletons
  5 rats
188 creatures vanquished.

Vanquished Creatures (others)
  4 plants (D:8)
4 creatures vanquished.

Grand Total: 192 creatures vanquished

Notes
Turn   | Place    | Note
-------+----------+-------------------------------------------
     0 | D:1      | Andrea the Octopode Transmuter began the quest for the Orb.
     0 | D:1      | Reached XP level 1. HP: 13/13 MP: 3/3
   161 | D:1      | Reached XP level 2. HP: 18/18 MP: 3/5
   180 | D:1      | Learned a level 2 spell: Sticks to Snakes
   543 | D:1      | Reached XP level 3. HP: 18/23 MP: 4/6
   553 | D:1      | Learned a level 3 spell: Spider Form
   654 | D:2      | Noticed Terence
  1032 | D:2      | Reached skill level 1 in Poison Magic
  1032 | D:2      | Reached XP level 4. HP: 12/29 MP: 7/7
  1355 | D:2      | Killed Terence
  1355 | D:2      | Reached XP level 5. HP: 17/34 MP: 4/8
  2036 | D:3      | Found a blossoming altar of Fedhas.
  2540 | D:3      | Found a transporter.
  2543 | D:3      | Found a transporter.
  2543 | D:3      | Noticed Pereza0's ghost (weakling OgWz)
  2571 | D:3      | Identified the +9 great mace "Cyfo" {crush, *Corrode rElec
                  | rC++ Dex+2 SInv}
  2571 | D:3      | Noticed an ogre
  2863 | D:4      | Found Mekh's Weapon Boutique.
  2907 | D:4      | Noticed Ijyb
  2923 | D:4      | Killed Ijyb
  3089 | D:4      | Reached XP level 6. HP: 34/39 MP: 6/10
  3099 | D:4      | Found Wowimoull's Antique Armour Shoppe.
  3220 | D:4      | Found Sissu's Armour Emporium.
  3222 | D:4      | Found Qobrial's General Store.
  3226 | D:4      | Found a radiant altar of Vehumet.
  3250 | D:4      | Bought 2 scrolls of remove curse for 66 gold pieces
  3625 | D:4      | Found Bepasm's General Store.
  4009 | D:5      | Entered Level 5 of the Dungeon
  4009 | D:5      | Found an iron altar of Okawaru.
  4154 | D:5      | Noticed an ice beast
  4171 | D:5      | Found a radiant altar of Vehumet.
  4426 | D:5      | Reached XP level 7. HP: 35/45 MP: 8/11
  4684 | D:5      | Reached skill level 5 in Unarmed Combat
  4701 | D:5      | Noticed Eustachio
  4879 | D:5      | Killed Eustachio
  5038 | D:5      | Found a runed translucent door.
  5039 | D:5      | Noticed Crazy Yiuf
  5049 | D:5      | Killed Crazy Yiuf
  5049 | D:5      | Reached skill level 5 in Transmutations
  5194 | D:5      | Learned a level 4 spell: Ice Form
  5306 | D:6      | Found a glowing golden altar of the Shining One.
  5357 | D:6      | Noticed Sigmund
  5373 | D:6      | Killed Sigmund
  5373 | D:6      | Reached skill level 1 in Ice Magic
  5373 | D:6      | Reached XP level 8. HP: 20/52 MP: 10/13
  5808 | D:6      | Found a sparkling altar of Nemelex Xobeh.
  5995 | D:6      | Found a blossoming altar of Fedhas.
  6890 | D:6      | Got an ichor-stained scimitar
  7070 | D:6      | Reached XP level 9. HP: 54/58 MP: 10/15
  7396 | D:7      | Found a shattered altar of Ashenzari.
  7448 | D:7      | Noticed Joseph
  8096 | D:7      | Identified the +4 scimitar of Circularity {venom, *Drain
                  | +Rage rC++ MR-} (You found it on level 6 of the Dungeon)
  8138 | D:7      | Found a staircase to the Ecumenical Temple.
  8145 | Temple   | Entered the Ecumenical Temple
  8315 | Temple   | Became a worshipper of Cheibriados the Contemplative
  8628 | D:7      | Found an ornate altar of the Wu Jian Council.
  9337 | D:7      | Noticed Dowan
  9377 | D:7      | Noticed Duvessa
  9389 | D:7      | Killed Duvessa
  9389 | D:7      | Reached skill level 5 in Spellcasting
  9394 | D:7      | Killed Dowan
  9394 | D:7      | Reached skill level 5 in Fighting
  9724 | D:7      | Reached * piety under Cheibriados
 10416 | D:8      | Reached XP level 10. HP: 66/66 MP: 17/17
 10493 | D:8      | Noticed Grum
 10660 | D:8      | Killed Grum
 10950 | D:8      | Noticed a two-headed hydra
 11067 | D:8      | Noticed Gastronok
 11218 | D:8      | Reached ** piety under Cheibriados
 11569 | D:8      | Noticed Harold
 11585 | D:8      | Killed Harold
 11628 | D:8      | HP: 4/81 [wight/+3 trident (1)]
 11630 | D:8      | Slain by a wight

Skill      XL: |  1  2  3  4  5  6  7  8  9 10 |
---------------+-------------------------------+-----
Poison Magic   | 1 2 |  2.0
Transmutations | 3 4 5 6 8 9 |  9.0
Unarmed Combat | 4 5 6 8 9 |  9.2
Fighting       | 2 3 4 5 6 |  6.0
Spellcasting   | 3 4 5 |  5.9
Ice Magic      | 1 3 |  3.0
Dodging        | |  2.0

Action                   |  1- 3 |  4- 6 |  7- 9 | 10-12 || total
-------------------------+-------+-------+-------+-------++-------
Melee: Unarmed           |    60 |   144 |   265 |    93 ||   562
       Constrict         |    19 |    27 |    15 |     1 ||    62
       Kick              |    11 |    24 |    11 |     2 ||    48
       Tentacles         |     9 |    15 |     8 |     5 ||    37
       Punch             |       |     2 |     1 |       ||     3
 Cast: Beastly Appendage |    15 |    23 |     9 |     1 ||    48
       Spider Form       |       |     9 |    27 |     6 ||    42
       Ice Form          |       |       |     5 |     6 ||    11
 Abil: End Transformatio |       |       |     2 |       ||     2
  Use: Potion            |       |     2 |     1 |     1 ||     4
       Scroll            |       |       |     4 |     3 ||     7
 Stab: Sleeping          |       |    11 |     6 |       ||    17
  Eat: Chunk             |     1 |     8 |    12 |     4 ||    25
       Ration            |       |     1 |     3 |       ||     4
Armor: Skin              |     4 |     7 |    20 |    11 ||    42
Dodge: Dodged            |    50 |    86 |   220 |    74 ||   430
Block: Other             |       |       |    27 |    14 ||    41
       Reflection        |       |       |     3 |       ||     3
